 Dungeon Crawl Stone Soup version 0.23.2-1-ga50397a6bc (webtiles) character file.

Game seed: 16149800142808453235

46 Nattfarinn the Vexing (level 3, -3/24 HPs)
             Began as a Vampire Enchanter on May 31, 2019.
             Killed by divine providence
             ... invoked by an orc priest
              (11 damage)
             ... on level 3 of the Dungeon.
             The game lasted 00:05:07 (2842 turns).

Nattfarinn the Vexing (Vampire Enchanter)           Turns: 2842, Time: 00:05:08

Health: -3/24      AC:  2    Str:  7    XL:     3   Next: 44%
Magic:  1/6        EV: 13    Int: 17    God:
Gold:   71         SH:  0    Dex: 15    Spells: 0/6 levels left

rFire    . . .     SeeInvis +   a - +1 dagger
rCold    + . .     Gourm    .   (no shield)
rNeg     + + .     Faith    .   b - +0 robe
rPois    +         Spirit   .   (no helmet)
rElec    .         Reflect  .   (no cloak)
rCorr    .         Harm     .   (no gloves)
MR       .....                  (no boots)
Stlth    ++++......             (no amulet)
HPRegen  0.04/turn              (no ring)
MPRegen  0.10/turn              (no ring)

@: regenerating slowly
A: fangs 3, see invisible, unbreathing
a: Bat Form


You were on level 3 of the Dungeon.
You were near bloodless.

You visited 1 branch of the dungeon, and saw 3 of its levels.

You collected 71 gold pieces.

Inventory:

Hand Weapons
 a - a +1 dagger (weapon)
Armour
 b - a +0 robe (worn)
Jewellery
 f - a +5 amulet of reflection {unknown}
 g - an uncursed amulet of harm {unknown}
Scrolls
 c - 2 scrolls of remove curse {unknown}
 e - 2 scrolls of identify {unknown}
 h - a scroll of noise {unknown}
Potions
 q - 3 potions of blood


   Skills:
 - Level 1.1 Short Blades
 - Level 2.1 Dodging
 + Level 5.3 Stealth
 - Level 2.0 Spellcasting
 * Level 6.0 Hexes


You couldn't memorise any spells.
You knew the following spells:

 Your Spells              Type           Power        Failure   Level  Hunger
a - Corona                Hex            ###....      1%          1    #......
b - Ensorcelled Hibernat  Hex/Ice        ##....       9%          2    ###....
c - Confuse               Hex            ###.....     4%          3    ###....

Your spell library contained the following spells:

 Spells                   Type           Power        Failure   Level  Hunger
 Tukima's Dance           Hex            ###.....     4%          3    ###....
 Dazzling Spray           Conj/Hex       ##....       17%         3    ###....


Dungeon Overview and Level Annotations

Branches:
Dungeon (3/15)

Altars:
Makhleb
Xom


Innate Abilities, Weirdness & Mutations

You heal slowly.
You have razor-sharp teeth.
You have supernaturally acute eyesight. (SInv)
You can survive without breathing.


Message History

It was a potion of curing.
You feel better. The orc misses you. The orc barely misses you.
The orc closely misses you. The orc hits you with a +0 flail!
* * * LOW HITPOINT WARNING * * *
Casting: Confuse (safe; 4% risk of failure)
Confirm with . or Enter, or press ? or * to list all spells.
Aiming: Ensorcelled Hibernation (safe; 9% risk of failure)
Press: ? - help, Shift-Dir - straight line, f/p - orc priest
Aim: an orc priest, wielding a +0 whip (lightly wounded, chance to defeat MR: 42%)
The orc looks drowsy...
The helpless orc fails to defend itself.
You bite the orc, and draw its blood!
You feel better.
You feel slightly less thirsty.
You impale the orc!!
You kill the orc!
The orc barely misses you.
Your magical contamination has completely faded away.
The orc priest mumbles some strange prayers to Beogh against you.
Beogh smites you!
You die...

#.# #o# #)# #o#
#.# #o# #.#
##.##########o#
.......@.o.o..#
##.############


You could see an orc priest and 2 orcs.

Vanquished Creatures
  An adder (D:3)
  2 worms (D:2)
  A dart slug (D:2)
  2 leopard geckos (D:2)
  An orc (D:3)
  2 bats
  3 giant cockroaches
  3 goblins
  2 hobgoblins
  3 kobolds
  A quokka (D:2)
  2 frilled lizards (D:2)
  3 rats
26 creatures vanquished.

Notes
Turn   | Place    | Note
-------+----------+-------------------------------------------
     0 | D:1      | Nattfarinn the Vampire Enchanter began the quest for the
                  | Orb.
     0 | D:1      | Reached XP level 1. HP: 13/13 MP: 3/3
     7 | D:1      | Noticed a black bear
     7 | D:1      | Noticed a lindwurm
     7 | D:1      | Noticed an iguana
     7 | D:1      | Noticed an anaconda
   251 | D:1      | You fall through a shaft!
   633 | D:2      | Reached skill level 5 in Hexes
   633 | D:2      | Reached XP level 2. HP: 19/19 MP: 5/5
   684 | D:2      | Learned a level 2 spell: Ensorcelled Hibernation
  1678 | D:2      | Reached skill level 5 in Stealth
  2071 | D:2      | Found a burning altar of Makhleb.
  2077 | D:2      | Found a shimmering altar of Xom.
  2133 | D:2      | Reached XP level 3. HP: 24/24 MP: 3/6
  2142 | D:2      | Learned a level 3 spell: Confuse
  2531 | D:3      | Reached skill level 6 in Hexes
  2822 | D:3      | HP: 1/24 [orc/+0 flail (4)]
  2842 | D:3      | Killed from afar by an orc priest

Skill      XL: |  1  2  3 |
---------------+----------+-----
Hexes          | 5 6 |  6.0
Stealth        | 5 |  5.3
Short Blades   | |  1.1
Dodging        | |  2.1
Spellcasting   | |  2.0

Action                   || total
-------------------------++-------
Melee: Dagger            ||   103
       Bite              ||     7
 Cast: Corona            ||     2
       Ensorcelled Hiber ||    15
       Confuse           ||     1
  Use: Potion            ||     2
 Stab: Sleeping          ||    15
Armor: Robe              ||    23
Dodge: Dodged            ||    75
